 Dungeon Crawl Stone Soup version 0.31.0-11-ge490571c62 (webtiles) character file.

Game seed: 7476388426270340309

60 hikkokomori the Magician (level 3, -5/20 HPs)
             Began as a Deep Elf Hedge Wizard on Feb 3, 2024.
             Killed from afar by Natasha (7 damage)
             ... with a magic dart
             ... on level 3 of the Dungeon.
             The game lasted 00:02:29 (2566 turns).

hikkokomori the Magician (Deep Elf Hedge Wizard)    Turns: 2566, Time: 00:02:31

Health: -5/20      AC:  2    Str:  7    XL:     3   Next: 80%
Magic:  4/11       EV: 12    Int: 20    God:
Gold:   107        SH:  0    Dex: 14    Spells: 7/12 levels left

rFire   . . .        f - +2 short sword (flame)
rCold   . . .        (no shield)
rNeg    . . .        b - +0 robe
rPois   .            c - +0 hat
rElec   .            (no cloak)
rCorr   .            (no gloves)
SInv    .            (no boots)
Will    .....        (no amulet)
Stlth   ++           (no ring)
HPRegen 0.23/turn    (no ring)
MPRegen 0.12/turn

%: no passive effects
@: on blink cooldown
A: no striking features
a: no special abilities


You were on level 3 of the Dungeon.
You visited 1 branch of the dungeon, and saw 3 of its levels.

You collected 107 gold pieces.

Inventory:

Hand Weapons
 a - a +0 dagger
 f - a +2 short sword of flaming (weapon)
Missiles
 g - 3 atropa-tipped darts
 k - a throwing net
Armour
 b - a +0 robe (worn)
 c - a +0 hat (worn)
Wands
 l - a wand of polymorph (8)
Scrolls
 e - 3 scrolls of identify {unknown}
 h - 2 scrolls of revelation
 i - a scroll of silence {unknown}
 m - a scroll of enchant weapon {unknown}
 n - a scroll of blinking {unknown}
Potions
 d - a potion of magic
 j - a potion of lignification {unknown}
 o - a potion of enlightenment {unknown}


   Skills:
 + Level 1.5 Fighting
 - Level 2.4 Dodging
 - Level 2.4 Stealth
 + Level 5.2 Spellcasting
 + Level 2.4 Conjurations
 - Level 1.1 Summonings
 - Level 1.1 Translocations


You had 7 spell levels left.
You knew the following spells:

 Your Spells              Type           Power      Damage    Failure   Level
a - Magic Dart            Conj           56%        1d5       4%          1
b - Blink                 Tloc           18%        N/A       11%         2
c - Call Imp              Summ           18%        N/A       11%         2

Your spell library contained the following spells:

 Spells                   Type           Power      Damage    Failure   Level
 Kiss of Death            Conj/Necr      40%        2d8       7%          1
 Slow                     Hex            20%        N/A       12%         1
 Cigotuvi's Dreadful Rot  Necr/Alch/Air  10%        N/A       17%         2
 Mephitic Cloud           Conj/Alch/Air  8%         N/A       24%         3
 Confusing Touch          Hex            5%         N/A       34%         3
 Fugue of the Fallen      Necr           5%         N/A       34%         3
 Ozocubu's Armour         Ice            5%         N/A       34%         3
 Sigil of Binding         Hex            5%         N/A       34%         3
 Vampiric Draining        Necr           5%         2d6       34%         3
 Manifold Assault         Tloc           9%         N/A       56%         4
 Dispel Undead            Necr           5%         3d7       75%         4


Dungeon Overview and Level Annotations

Branches:
Dungeon (3/15)

Altars:

Annotations:
D:3 Natasha


Message History

Okay, then.
The cerulean imp attacks as it pursues you!
The cerulean imp barely misses you. x2
Your cerulean imp barely misses the cerulean imp.
The cerulean imp closely misses your cerulean imp.
Your cerulean imp barely misses the cerulean imp.
There is a stone staircase leading down here.
Unknown command.
Aiming: Polymorph
Press: ? - help, Shift-Dir - straight line, f - cerulean imp, p - Natasha
Aim: a cerulean imp, wielding a +2 spear (summoned, ally target, will become a crimson imp, a white imp, or a ynoxinul, chance to affect: 31%)
Okay, then.
The cerulean imp hits you with a +2 spear.
The cerulean imp hits you from afar with a +3 spear.
Your cerulean imp hits the cerulean imp from afar with a -4 spear.
Unknown command.
Casting: Magic Dart (safe; 4% risk of failure)
Confirm with . or Enter, or press ? or * to list all spells.
Aiming: Magic Dart (safe; 4% risk of failure)
Press: ? - help, Shift-Dir - straight line, f/p - Natasha
Aim: Natasha (lightly wounded, 100% to hit)
The magic dart hits the goblin.
You kill the goblin!
The cerulean imp hits you with a +2 spear!
Natasha wildly gestures.
Natasha glows brightly for a moment.
The cerulean imp hits you from afar with a +3 spear.
* * * LOW HITPOINT WARNING * * *
Your cerulean imp hits the cerulean imp from afar with a -4 spear.
Unknown command.
Unknown command.
Unknown command.
Okay, then.
Casting: Magic Dart (safe; 4% risk of failure)
Confirm with . or Enter, or press ? or * to list all spells.
You blink.
Natasha casts a spell at you. The magic dart hits you!
You die...
Natasha curls up and begins to purr.

........## .........#
......5..#
...[..5..#######
.......5.>.....#
.......h§......# #.
.[.............### ###..
#......#....#....# #....
#.#######@.......###.....
# #...............##
#.#.##.#.........#
#...##.#.##....#.# .
##..##.#.#....##.#.#
#..##........#....#
#..###...#.#....### ##
##..##...#.#..#.### ####
...###..#...##.##.#.#..


You could see Natasha, 2 cerulean imps and a friendly cerulean imp (summoned).

Vanquished Creatures
  A sleepcap (D:3)
  A ribbon worm (D:2)
  A dart slug (D:1)
  A bat (D:1)
  5 endoplasms
  2 hobgoblins (D:1)
  4 kobolds (D:1)
  6 ball pythons
  A frilled lizard (D:3)
  2 goblins
  4 rats
28 creatures vanquished.

Notes
Turn   | Place    | Note
-------+----------+-------------------------------------------
     0 | D:1      | hikkokomori the Deep Elf Hedge Wizard began the quest for
                  | the Orb.
     0 | D:1      | Reached XP level 1. HP: 10/10 MP: 7/7
   217 | D:1      | Reached XP level 2. HP: 14/16 MP: 0/9
   994 | D:2      | Reached skill level 1 in Fighting
  1051 | D:2      | Learned a level 2 spell: Blink
  1054 | D:2      | Learned a level 2 spell: Call Imp
  1441 | D:2      | Reached skill level 5 in Spellcasting
  1484 | D:2      | Reached XP level 3. HP: 20/20 MP: 8/11
  2557 | D:3      | Noticed Natasha
  2566 | D:3      | Killed from afar by Natasha

Illustrated notes

Levels and vault maps discovered:
D:1:      co_arrival_square_in_a_square_in_a_square, layout_basic
D:2:      layout_basic, minmay_tetromino_l4
D:3:      minmay_bubble_buster, layout_rooms, uniq_natasha

Skill      XL: |  1  2 |
---------------+-------+-----
Fighting       | 1 |  1.5
Spellcasting   | 5 |  5.2
Conjurations   | 2 |  2.4
Dodging        | |  2.4
Stealth        | |  2.4
Summonings     | |  1.1
Translocations | |  1.1

Action                     || total
---------------------------++-------
  Melee: Short sword       ||    21
   Cast: Magic Dart        ||    66
         Blink             ||     2
         Call Imp          ||     1
    Use: Scroll            ||     1
   Stab: Sleeping          ||     1
 Armour: Robe              ||    19
  Dodge: Dodged            ||    22
